 Dungeon Crawl Stone Soup version 0.29.1-2-gbd0b4ee654 (webtiles) character file.

Game seed: 4805758401206577029

4 jamesblauser the Stinger (level 1, 0/10 HPs)
             Began as a Tengu Venom Mage on Nov 6, 2022.
             Slain by a quokka (2 damage)
             ... on level 1 of the Dungeon.
             The game lasted 00:01:19 (183 turns).

jamesblauser the Stinger (Tengu Venom Mage)          Turns: 183, Time: 00:01:19

Health: 0/10       AC:  2    Str:  8    XL:     1   Next: 60%
Magic:  4/4        EV: 12    Int: 15    God:
Gold:   0          SH:  0    Dex: 14    Spells: 3/4 levels left

rFire   . . .      SeeInvis .   c - +0 dagger
rCold   . . .      Faith    .   (no shield)
rNeg    . . .      Spirit   .   a - +0 robe
rPois   .          Reflect  .   (helmet restricted)
rElec   .          Harm     .   (no cloak)
rCorr   .          Rampage  .   (no gloves)
Will    .....                   (boots unavailable)
Stlth   ++........              (no amulet)
HPRegen 0.03/turn               (no ring)
MPRegen 0.09/turn               (no ring)

@: no status effects
A: beak, talons 3
a: no special abilities


You were on level 1 of the Dungeon.
You visited 1 branch of the dungeon, and saw 1 of its levels.

Inventory:

Hand Weapons
 c - a +0 dagger (weapon)
Armour
 a - a +0 robe (worn)
Potions
 b - a potion of magic


   Skills:
 + Level 2.3 Dodging
 + Level 2.0 Stealth
 + Level 2.0 Spellcasting
 + Level 1.0 Transmutations
 + Level 3.1 Poison Magic


You had 3 spell levels left.
You knew the following spells:

 Your Spells              Type           Power      Damage    Failure   Level
a - Sting                 Tmut/Pois      28%        1d4       10%         1

Your spell library contained the following spells:

 Spells                   Type           Power      Damage    Failure   Level
 Poisonous Vapours        Pois/Air       12%        N/A       19%         2
 Mephitic Cloud           Conj/Pois/Air  4%         N/A       41%         3
 Olgreb's Toxic Radiance  Pois           10%        N/A       52%         4


Dungeon Overview and Level Annotations

Branches:
Dungeon (1/15)

Altars:


Innate Abilities, Weirdness & Mutations

You have a beak for a mouth.
You have claws for feet.


Message History

Aiming: Sting (safe; 11% risk of failure)
Press: ? - help, Q - select action Shift-Dir - straight line, f/p - quokka
Aim: a quokka (heavily wounded, poisoned, 56% to hit)
The sting hits the quokka.
The quokka looks even sicker.
The quokka is severely wounded.
The quokka barely misses you. The quokka misses you.
You hit the quokka.
You kill the quokka!
You see here a quokka corpse.
You open the door.
Found a mace.
There is an open door here.
Found a clear potion.
A frilled lizard comes into view.
The frilled lizard hisses angrily.
You hit the frilled lizard.
You kill the frilled lizard!
A quokka comes into view.
You open the door.
An endoplasm comes into view.
A ball python comes into view.
Found a stone staircase leading down.
The ball python hisses angrily.
A rat comes into view.
There is an open door here.
The quokka attacks as you move away! The quokka bites you.
* * * LOW HITPOINT WARNING * * *
A kobold comes into view. It is wielding a +0 whip.
The kobold shouts!
The endoplasm quivers.
The kobold moves out of view.
You hit the endoplasm. You claw the endoplasm.
You kill the endoplasm!
The quokka bites you.
* * * LOW HITPOINT WARNING * * *
The ball python misses you. x2
Your Transmutations skill increases to level 1!
The quokka attacks as you move away! The quokka bites you.
You die...

##.........
.####.....###.#
..........#
######..#####.#
#........#
##.#####..
##'## ##.r.##
#..@S.#
#........#
#.......r.....
.>..........#.#
............# #
.###........#
##.....#.K
##...##.#.


You could see a quokka, a ball python, a kobold and a rat.

Vanquished Creatures
  An endoplasm (D:1)
  A quokka (D:1)
  A frilled lizard (D:1)
  A kobold (D:1)
4 creatures vanquished.

Notes
Turn   | Place    | Note
-------+----------+-------------------------------------------
     0 | D:1      | jamesblauser the Tengu Venom Mage began the quest for the
                  | Orb.
     0 | D:1      | Reached XP level 1. HP: 10/10 MP: 4/4
   183 | D:1      | Reached skill level 1 in Transmutations
   183 | D:1      | Slain by a quokka

Illustrated notes

Levels and vault maps discovered:
D:1:      ebering_hopf_link, layout_loops_corners, minmay_surrounded

Skill      XL: |  1 |
---------------+----+-----
Transmutations | 1 |  1.0
Dodging        | |  2.3
Stealth        | |  2.0
Spellcasting   | |  2.0
Poison Magic   | |  3.1

Action                   || total
-------------------------++-------
Melee: Dagger            ||     3
       Kick              ||     1
 Cast: Sting             ||     7
Armor: Robe              ||     1
Dodge: Dodged            ||     4
